Predators vs RedWings

Created - October-24-14 at 17:57

Goals
1 2 3 T
Predators 0 0 1 1
RedWings 0 2 2 4
Shots
1 2 3 T
Predators 18 7 13 38
RedWings 10 18 12 40

1st period

No Goal

Penalties :
Mark Fraser (DET) for Tripping (Minor) at 1:11, Anton Stralman (NSH) for Interference (Minor) at 5:37, Max Pacioretty (NSH) for Hooking (Minor) at 11:28

2nd period

1. RedWings , Tyler Toffoli 1 (Alexandre Burrows, Mark Arcobello) at 10:29
2. RedWings , Ondrej Palat 2 (Joe Thornton, Eric Gryba) at 14:41

Penalties :
Roman Josi (NSH) for Holding (Minor) at 1:02, Eric Brewer (DET) for Holding (Minor) at 4:31, Zach Bogosian (NSH) for Hooking (Minor) at 8:03

3rd period

3. Predators , Jaden Schwartz 5 (Valtteri Filppula, T.J. Oshie) at 2:33 (PP)
4. RedWings , Jake Gardiner 2 (Sam Gagner) at 5:10 (PP)
5. RedWings , Ondrej Palat 3 (Joe Thornton, Loui Eriksson) at 19:15

Penalties :
Mark Fraser (DET) for Holding (Minor) at 2:02, Anton Stralman (NSH) for Hooking (Minor) at 5:00, Ondrej Palat (DET) for Roughing (Minor) at 6:48, Sean Bergenheim (DET) for Roughing (Minor) at 10:53, Anton Stralman (NSH) for Tripping (Minor) at 10:53, T.J. Oshie (NSH) for Hooking (Minor) at 14:00

Goalie Stats

Anton Khudobin (NSH), 36 saves from 40 shots - (0.900), L, 5-2-0, 60:00 minutes
Thomas Greiss (DET), 37 saves from 38 shots - (0.974), W, 1-2-0, 60:00 minutes

Players Stats for Predators

Player Name              G  A  P  +/- PIM S  H  SB GA TA FO     MP     PP MP  PK MP  
------------------------------------------------------------------------------------
Anton Stralman           0  0  0  -2  6   4  6  1  0  0  0/0    16:38   2:55   0:00 
Artem Anisimov           0  0  0  -1  0   5  0  2  0  0  2/4    16:27   2:55   2:24 
Casey Cizikas            0  0  0   0  0   0  0  0  0  0  7/12   12:38   0:00   7:31 
Cody Franson             0  0  0   0  0   2  0  0  0  0  0/0     7:00   3:33   0:00 
Derick Brassard          0  0  0  -1  0   1  0  0  0  0  7/21   11:32   0:00   0:10 
Jaden Schwartz           1  0  1  -2  0   4  0  0  0  0  1/2    17:12   3:26   0:03 
Jordie Benn              0  0  0   0  0   0  2  1  0  0  0/0    15:39   0:00   5:19 
Justin Abdelkader        0  0  0   0  0   0  2  0  0  0  0/1     7:31   0:00   2:24 
Max Pacioretty           0  0  0  -2  2   5  0  0  0  0  1/3    18:29   3:02   0:00 
Nicklas Backstrom        0  0  0  -2  0   1  4  0  0  0  17/27  16:59   3:02   0:00 
Nikita Zadorov           0  0  0  -1  0   2  2  2  0  0  0/0    20:40   0:00   4:46 
Patrik Berglund          0  0  0  -1  0   4  2  0  0  0  0/1    16:15   0:00   0:00 
Roman Josi               0  0  0  -2  2   3  2  2  0  0  0/0    20:51   2:55   0:44 
Steven Stamkos           0  0  0   0  0   2  2  0  0  0  4/5    16:17   3:02   0:00 
T.J. Oshie               0  1  1   0  2   2  1  1  0  0  1/1    20:51   3:26   5:56 
Valtteri Filppula        0  1  1   0  0   1  0  0  0  0  16/26  16:38   3:26   1:42 
Zach Bogosian            0  0  0  -1  2   1  0  1  0  0  0/0    20:33   0:38   4:02 
Zbynek Michalek          0  0  0   0  0   1  1  2  0  0  0/0    15:39   0:00   5:19 

Players Stats for RedWings

Player Name              G  A  P  +/- PIM S  H  SB GA TA FO     MP     PP MP  PK MP  
------------------------------------------------------------------------------------
Alexandre Burrows        0  1  1   1  0   2  2  0  0  0  0/2    12:46   0:00   1:05 
Andrew Cogliano          0  0  0   0  0   3  0  0  0  0  5/16   21:43   4:40   4:32 
Chris Summers            0  0  0   1  0   1  1  0  0  0  0/0    22:09   5:54   2:38 
Eric Brewer              0  0  0   1  2   1  3  2  0  0  0/0    23:51   4:11   2:31 
Eric Gryba               0  1  1   1  0   3  1  3  0  0  0/0    21:11   4:11   3:50 
Erik Haula               0  0  0   0  0   0  0  0  0  0  2/5     4:49   0:00   0:35 
Hal Gill                 0  0  0   0  0   0  0  0  0  0  0/0     0:00   0:00   0:00 
Jake Gardiner            1  0  1   1  0   3  0  1  0  0  0/0    26:00   5:45   2:38 
Joe Thornton             0  2  2   2  0   0  0  1  0  0  12/27  25:13   4:31   2:14 
Kevin Connauton          0  0  0   1  0   0  0  2  0  0  0/0    13:59   0:00   1:19 
Loui Eriksson            0  1  1   2  0   9  0  0  0  0  0/1    19:03   5:25   0:00 
Mark Arcobello           0  1  1   1  0   1  0  0  0  0  7/11   11:05   0:00   0:00 
Mark Fraser              0  0  0   1  4   0  1  1  0  0  0/0    12:47   0:09   0:00 
Ondrej Palat             2  0  2   2  2   4  5  0  0  0  2/9    23:49   5:25   3:24 
Sam Gagner               0  1  1   0  0   2  0  0  0  0  18/29  17:56   5:25   0:00 
Sean Bergenheim          0  0  0   0  2   6  1  0  0  0  1/2    17:10   4:40   0:00 
Tuomo Ruutu              0  0  0   0  0   1  1  0  0  0  0/0     5:20   0:00   1:06 
Tyler Toffoli            1  0  1   1  0   4  0  1  0  0  0/1    12:37   0:09   0:00 

3 Stars

1 - Ondrej Palat (DET)
2 - Thomas Greiss (DET)
3 - Joe Thornton (DET)

Power Play

Predators - 1 on 4 Attempt(s) - 25.00%
RedWings - 1 on 6 Attempt(s) - 16.67%

Penalty Kill

Predators - 5 on 6 Attempt(s) - 83.33% - Score 0 goal in Penalty Kill
RedWings - 3 on 4 Attempt(s) - 75.00% - Score 0 goal in Penalty Kill

Official

Referees : Trent Knorr and Kyle Rehman
Linesman : Brad Kovachik and Derek Nansen

Game Notes

No Game Note

Finance

Level 1 -- Attendance: 6500 (100.00%) -- Ticket Income $487,500
Level 2 -- Attendance: 4704 (94.08%) -- Ticket Income $235,200
Level 3 -- Attendance: 3500 (100.00%) -- Ticket Income $105,000
Level 4 -- Attendance: 3184 (78.31%) -- Ticket Income $63,680
Luxury Box -- Attendance: 999 (99.90%) -- Ticket Income $149,850
Game was played at the Joe Louis Arena
Total Attendance: 18887 (94.12%)
Total Ticket Income: $1,041,230
Other Income: $156,184
Total Income: $1,197,414

% Time on Ice - Predators

Lines # - Real PCT - Wanted PCT - Time Play
Normal Forward
1 - 33% - 34% - 13:43
2 - 28% - 31% - 11:30
3 - 27% - 27% - 11:08
4 - 12% - 8% - 5:07
Normal Defense
1 - 36% - 33% - 15:03
2 - 33% - 32% - 13:46
3 - 25% - 25% - 10:20
4 - 6% - 10% - 2:19
PP Forward
1 - 47% - 60% - 3:02
2 - 53% - 40% - 3:26
PP Defense
1 - 55% - 60% - 3:33
2 - 45% - 40% - 2:55
PK Forward
1 - 76% - 60% - 7:41
2 - 24% - 40% - 2:24
PK Defense
1 - 53% - 60% - 5:19
2 - 47% - 40% - 4:46
PK3 Forward
1 - 0% - 60%
2 - 0% - 40%
PK3 Defense
1 - 0% - 60%
2 - 0% - 40%
44 Forward
1 - 88% - 60% - 1:45
2 - 12% - 40% - 0:14
44 Defense
1 - 57% - 60% - 1:08
2 - 43% - 40% - 0:51
Last Minute Offensive  - 0:00
Last Minute Defensive  - 0:00
Total
Forward - 60:00
Defense - 60:00

% Time on Ice - RedWings

Lines # - Real PCT - Wanted PCT - Time Play
Normal Forward
1 - 33% - 45% - 13:38
2 - 30% - 35% - 12:31
3 - 27% - 15% - 11:05
4 - 10% - 5% - 4:14
Normal Defense
1 - 40% - 40% - 16:24
2 - 30% - 30% - 12:24
3 - 23% - 20% - 9:38
4 - 7% - 10% - 3:02
PP Forward
1 - 54% - 60% - 5:25
2 - 46% - 40% - 4:40
PP Defense
1 - 59% - 60% - 5:54
2 - 41% - 40% - 4:11
PK Forward
1 - 83% - 60% - 5:23
2 - 17% - 40% - 1:05
PK Defense
1 - 59% - 60% - 3:50
2 - 41% - 40% - 2:38
PK3 Forward
1 - 0% - 60%
2 - 0% - 40%
PK3 Defense
1 - 0% - 60%
2 - 0% - 40%
44 Forward
1 - 70% - 60% - 1:23
2 - 30% - 40% - 0:36
44 Defense
1 - 39% - 60% - 0:46
2 - 61% - 40% - 1:13
Last Minute Offensive  - 0:00
Last Minute Defensive  - 0:00
Total
Forward - 60:00
Defense - 60:00

Play by Play

1st period


0:01 of 1st period - Nicklas Backstrom wins face-off versus Loui Eriksson in neutral zone.
0:08 of 1st period - Shot by Max Pacioretty.
0:08 of 1st period - Shot Misses the Net.
0:30 of 1st period - Shot by Max Pacioretty.
0:30 of 1st period - Stopped by Thomas Greiss without a rebound.
0:31 of 1st period - Sam Gagner wins face-off versus Valtteri Filppula in RedWings zone.
0:46 of 1st period - Shot by Eric Gryba.
0:46 of 1st period - Stopped by Anton Khudobin without a rebound.
0:47 of 1st period - Mark Arcobello wins face-off versus Derick Brassard in Predators zone.
0:52 of 1st period - Shot by Tyler Toffoli.
0:52 of 1st period - Stopped by Anton Khudobin without a rebound.
0:53 of 1st period - Derick Brassard wins face-off versus Erik Haula in Predators zone.
0:53 of 1st period - Derick Brassard is hit by Tuomo Ruutu.
0:58 of 1st period - Off-side.
0:59 of 1st period - Casey Cizikas wins face-off versus Sam Gagner in neutral zone.
1:11 of 1st period - Minor Penalty to Mark Fraser for Tripping.
1:12 of 1st period - Max Pacioretty wins face-off versus Andrew Cogliano in RedWings zone.
1:13 of 1st period - Shot by Nicklas Backstrom.
1:13 of 1st period - Shot Misses the Net.
1:15 of 1st period - Shot by Roman Josi.
1:15 of 1st period - Shot Blocked by Eric Gryba.
1:17 of 1st period - Shot by Roman Josi.
1:17 of 1st period - Shot Misses the Net.
1:19 of 1st period - Shot by Nicklas Backstrom.
1:19 of 1st period - Shot Misses the Net.
1:25 of 1st period - Shot by Roman Josi.
1:25 of 1st period - Stopped by Thomas Greiss without a rebound.
1:26 of 1st period - Andrew Cogliano wins face-off versus Valtteri Filppula in RedWings zone.
1:45 of 1st period - Shot by Valtteri Filppula.
1:45 of 1st period - Shot Misses the Net.
1:47 of 1st period - Shot by Valtteri Filppula.
1:47 of 1st period - Shot Misses the Net.
1:49 of 1st period - Shot by Artem Anisimov.
1:49 of 1st period - Stopped by Thomas Greiss without a rebound.
1:50 of 1st period - Andrew Cogliano wins face-off versus Max Pacioretty in RedWings zone.
2:50 of 1st period - Shot by Anton Stralman.
2:50 of 1st period - Stopped by Thomas Greiss with a rebound.
3:20 of 1st period - Erik Haula is hit by Justin Abdelkader and loses puck.
3:55 of 1st period - Shot by Casey Cizikas.
3:55 of 1st period - Shot Misses the Net.
4:20 of 1st period - Steven Stamkos is hit by Mark Fraser and loses puck.
4:27 of 1st period - Shot by Steven Stamkos.
4:27 of 1st period - Shot Blocked by Joe Thornton.
4:29 of 1st period - Shot by Valtteri Filppula.
4:29 of 1st period - Shot Misses the Net.
4:31 of 1st period - Shot by Steven Stamkos.
4:31 of 1st period - Stopped by Thomas Greiss without a rebound.
4:32 of 1st period - Sam Gagner wins face-off versus Nicklas Backstrom in RedWings zone.
4:34 of 1st period - Icing by Sean Bergenheim.
4:35 of 1st period - Nicklas Backstrom wins face-off versus Sam Gagner in RedWings zone.
4:47 of 1st period - Shot by Jaden Schwartz.
4:47 of 1st period - Stopped by Thomas Greiss without a rebound.
4:48 of 1st period - Derick Brassard wins face-off versus Mark Arcobello in RedWings zone.
5:16 of 1st period - Icing by Chris Summers.
5:17 of 1st period - Nicklas Backstrom wins face-off versus Alexandre Burrows in RedWings zone.
5:25 of 1st period - Icing by Eric Gryba.
5:26 of 1st period - Mark Arcobello wins face-off versus Nicklas Backstrom in RedWings zone.
5:26 of 1st period - Chris Summers is hit by Nicklas Backstrom and loses puck.
5:35 of 1st period - Jaden Schwartz is hit by Alexandre Burrows and loses puck.
5:37 of 1st period - Minor Penalty to Anton Stralman for Interference.
5:38 of 1st period - Casey Cizikas wins face-off versus Sam Gagner in Predators zone.
6:00 of 1st period - Shot by Sam Gagner.
6:00 of 1st period - Shot Misses the Net.
6:32 of 1st period - Icing by Ondrej Palat.
6:33 of 1st period - Sam Gagner wins face-off versus Artem Anisimov in RedWings zone.
7:22 of 1st period - Shot by Eric Gryba.
7:22 of 1st period - Shot Blocked by Nikita Zadorov.
7:24 of 1st period - Shot by Eric Brewer.
7:24 of 1st period - Shot Misses the Net.
7:26 of 1st period - Shot by Eric Brewer.
7:26 of 1st period - Stopped by Anton Khudobin without a rebound.
7:27 of 1st period - Artem Anisimov wins face-off versus Sam Gagner in Predators zone.
7:53 of 1st period - Mark Arcobello is hit by Anton Stralman and loses puck.
7:57 of 1st period - Tyler Toffoli is hit by Anton Stralman and loses puck.
8:17 of 1st period - Off-side.
8:18 of 1st period - Sam Gagner wins face-off versus Derick Brassard in neutral zone.
8:18 of 1st period - Sam Gagner is hit by Patrik Berglund.
8:28 of 1st period - Shot by Sean Bergenheim.
8:28 of 1st period - Deflect By Andrew Cogliano.
8:28 of 1st period - Shot Misses the Net.
8:36 of 1st period - Shot by Artem Anisimov.
8:36 of 1st period - Shot Blocked by Jake Gardiner.
8:38 of 1st period - Shot by Derick Brassard.
8:38 of 1st period - Shot Misses the Net.
8:40 of 1st period - Shot by Artem Anisimov.
8:40 of 1st period - Shot Misses the Net.
8:52 of 1st period - Shot by Patrik Berglund.
8:52 of 1st period - Stopped by Thomas Greiss without a rebound.
8:53 of 1st period - Valtteri Filppula wins face-off versus Joe Thornton in RedWings zone.
9:31 of 1st period - Shot by Ondrej Palat.
9:31 of 1st period - Shot Misses the Net.
9:46 of 1st period - Icing by Zbynek Michalek.
9:47 of 1st period - Sam Gagner wins face-off versus Valtteri Filppula in Predators zone.
10:25 of 1st period - Shot by Max Pacioretty.
10:25 of 1st period - Stopped by Thomas Greiss with a rebound.
10:27 of 1st period - Shot by Anton Stralman.
10:27 of 1st period - Stopped by Thomas Greiss without a rebound.
10:28 of 1st period - Mark Arcobello wins face-off versus Derick Brassard in RedWings zone.
10:46 of 1st period - Shot by Derick Brassard.
10:46 of 1st period - Shot Misses the Net.
10:48 of 1st period - Shot by Artem Anisimov.
10:48 of 1st period - Shot Blocked by Mark Fraser.
10:52 of 1st period - Shot by Nikita Zadorov.
10:52 of 1st period - Stopped by Thomas Greiss with a rebound.
10:54 of 1st period - Shot by Zach Bogosian.
10:54 of 1st period - Stopped by Thomas Greiss without a rebound.
10:55 of 1st period - Nicklas Backstrom wins face-off versus Joe Thornton in RedWings zone.
10:55 of 1st period - Jaden Schwartz is hit by Eric Gryba.
11:01 of 1st period - Shot by Jaden Schwartz.
11:01 of 1st period - Shot Misses the Net.
11:13 of 1st period - Shot by Max Pacioretty.
11:13 of 1st period - Deflect By Nicklas Backstrom.
11:13 of 1st period - Shot Blocked by Eric Gryba.
11:28 of 1st period - Minor Penalty to Max Pacioretty for Hooking.
11:29 of 1st period - Andrew Cogliano wins face-off versus Casey Cizikas in Predators zone.
11:54 of 1st period - Shot by Sean Bergenheim.
11:54 of 1st period - Stopped by Anton Khudobin without a rebound.
11:55 of 1st period - T.J. Oshie wins face-off versus Sam Gagner in Predators zone.
11:55 of 1st period - T.J. Oshie is hit by Ondrej Palat.
12:30 of 1st period - Shot by Eric Brewer.
12:30 of 1st period - Shot Blocked by T.J. Oshie.
12:32 of 1st period - Shot by Eric Brewer.
12:32 of 1st period - Shot Misses the Net.
12:34 of 1st period - Shot by Eric Gryba.
12:34 of 1st period - Stopped by Anton Khudobin without a rebound.
12:35 of 1st period - Artem Anisimov wins face-off versus Joe Thornton in Predators zone.
13:22 of 1st period - Zach Bogosian is hit by Ondrej Palat and loses puck.
13:30 of 1st period - Sam Gagner is hit by Roman Josi and loses puck.
13:43 of 1st period - Shot by Artem Anisimov.
13:43 of 1st period - Shot Misses the Net.
13:45 of 1st period - Shot by Artem Anisimov.
13:45 of 1st period - Stopped by Thomas Greiss without a rebound.
13:46 of 1st period - Nicklas Backstrom wins face-off versus Joe Thornton in RedWings zone.
13:57 of 1st period - Shot by Nicklas Backstrom.
13:57 of 1st period - Stopped by Thomas Greiss without a rebound.
13:58 of 1st period - Sam Gagner wins face-off versus Derick Brassard in RedWings zone.
14:05 of 1st period - Shot by Sam Gagner.
14:05 of 1st period - Shot Blocked by Anton Stralman.
14:07 of 1st period - Shot by Sean Bergenheim.
14:07 of 1st period - Stopped by Anton Khudobin without a rebound.
14:08 of 1st period - Mark Arcobello wins face-off versus Jaden Schwartz in Predators zone.
14:32 of 1st period - Shot by Max Pacioretty.
14:32 of 1st period - Stopped by Thomas Greiss without a rebound.
14:33 of 1st period - Valtteri Filppula wins face-off versus Joe Thornton in RedWings zone.
14:36 of 1st period - Shot by Steven Stamkos.
14:36 of 1st period - Shot Misses the Net.
14:50 of 1st period - Ondrej Palat is hit by Roman Josi and loses puck.
14:59 of 1st period - Shot by Loui Eriksson.
14:59 of 1st period - Stopped by Anton Khudobin without a rebound.
15:00 of 1st period - Sam Gagner wins face-off versus Derick Brassard in Predators zone.
15:01 of 1st period - Shot by Jake Gardiner.
15:01 of 1st period - Stopped by Anton Khudobin without a rebound.
15:02 of 1st period - Sam Gagner wins face-off versus Patrik Berglund in Predators zone.
16:04 of 1st period - Icing by Zbynek Michalek.
16:05 of 1st period - Joe Thornton wins face-off versus Valtteri Filppula in Predators zone.
16:44 of 1st period - Shot by Ondrej Palat.
16:44 of 1st period - Stopped by Anton Khudobin without a rebound.
16:45 of 1st period - Nicklas Backstrom wins face-off versus Tyler Toffoli in Predators zone.
16:52 of 1st period - Shot by Nicklas Backstrom.
16:52 of 1st period - Shot Misses the Net.
17:08 of 1st period - Shot by Max Pacioretty.
17:08 of 1st period - Shot Blocked by Kevin Connauton.
17:10 of 1st period - Shot by Anton Stralman.
17:10 of 1st period - Stopped by Thomas Greiss without a rebound.
17:11 of 1st period - Sam Gagner wins face-off versus Derick Brassard in RedWings zone.
17:16 of 1st period - Andrew Cogliano is hit by Patrik Berglund and loses puck.
17:48 of 1st period - Shot by Derick Brassard.
17:48 of 1st period - Stopped by Thomas Greiss without a rebound.
17:49 of 1st period - Joe Thornton wins face-off versus Valtteri Filppula in RedWings zone.
18:04 of 1st period - Shot by Loui Eriksson.
18:04 of 1st period - Stopped by Anton Khudobin without a rebound.
18:05 of 1st period - Jaden Schwartz wins face-off versus Mark Arcobello in Predators zone.
18:26 of 1st period - Shot by Zbynek Michalek.
18:26 of 1st period - Stopped by Thomas Greiss without a rebound.
18:27 of 1st period - Valtteri Filppula wins face-off versus Joe Thornton in RedWings zone.
18:30 of 1st period - Shot by T.J. Oshie.
18:30 of 1st period - Deflect By Steven Stamkos.
18:30 of 1st period - Stopped by Thomas Greiss with a rebound.
18:45 of 1st period - Icing by Jake Gardiner.
18:46 of 1st period - Joe Thornton wins face-off versus Nicklas Backstrom in RedWings zone.
18:46 of 1st period - Joe Thornton is hit by Nicklas Backstrom.
Goals for this period are 0 for Predators vs 0 for RedWings.
Shots for this period are 18 for Predators vs 10 for RedWings.

2nd period


0:01 of 2nd period - Valtteri Filppula wins face-off versus Joe Thornton in neutral zone.
0:10 of 2nd period - Shot by Loui Eriksson.
0:10 of 2nd period - Stopped by Anton Khudobin without a rebound.
0:11 of 2nd period - Sean Bergenheim wins face-off versus Derick Brassard in Predators zone.
0:11 of 2nd period - Andrew Cogliano is hit by Zbynek Michalek and loses puck.
0:24 of 2nd period - Shot by Patrik Berglund.
0:24 of 2nd period - Stopped by Thomas Greiss without a rebound.
0:25 of 2nd period - Joe Thornton wins face-off versus Valtteri Filppula in RedWings zone.
0:25 of 2nd period - Joe Thornton is hit by T.J. Oshie.
1:02 of 2nd period - Minor Penalty to Roman Josi for Holding.
1:03 of 2nd period - Joe Thornton wins face-off versus Casey Cizikas in Predators zone.
1:03 of 2nd period - Andrew Cogliano is hit by Jordie Benn and loses puck.
1:26 of 2nd period - Shot by Andrew Cogliano.
1:26 of 2nd period - Shot Misses the Net.
1:43 of 2nd period - Artem Anisimov is hit by Chris Summers and loses puck.
2:12 of 2nd period - Shot by Sam Gagner.
2:12 of 2nd period - Shot Misses the Net.
3:28 of 2nd period - Shot by Max Pacioretty.
3:28 of 2nd period - Shot Misses the Net.
3:30 of 2nd period - Shot by Max Pacioretty.
3:30 of 2nd period - Shot Blocked by Kevin Connauton.
3:47 of 2nd period - Icing by Roman Josi.
3:48 of 2nd period - Erik Haula wins face-off versus Nicklas Backstrom in Predators zone.
4:31 of 2nd period - Shot by Artem Anisimov.
4:31 of 2nd period - Stopped by Thomas Greiss without a rebound.
4:31 of 2nd period - Minor Penalty to Eric Brewer for Holding.
4:32 of 2nd period - Valtteri Filppula wins face-off versus Andrew Cogliano in RedWings zone.
4:59 of 2nd period - Shot by Roman Josi.
4:59 of 2nd period - Stopped by Thomas Greiss without a rebound.
5:00 of 2nd period - Nicklas Backstrom wins face-off versus Andrew Cogliano in RedWings zone.
5:21 of 2nd period - Shot by Artem Anisimov.
5:21 of 2nd period - Stopped by Thomas Greiss without a rebound.
5:22 of 2nd period - Nicklas Backstrom wins face-off versus Andrew Cogliano in RedWings zone.
5:39 of 2nd period - Shot by Roman Josi.
5:39 of 2nd period - Shot Misses the Net.
5:41 of 2nd period - Shot by Steven Stamkos.
5:41 of 2nd period - Deflect By Max Pacioretty.
5:41 of 2nd period - Stopped by Thomas Greiss without a rebound.
5:42 of 2nd period - Valtteri Filppula wins face-off versus Andrew Cogliano in RedWings zone.
5:52 of 2nd period - Shot by Artem Anisimov.
5:52 of 2nd period - Shot Blocked by Eric Gryba.
5:54 of 2nd period - Shot by Anton Stralman.
5:54 of 2nd period - Stopped by Thomas Greiss without a rebound.
5:55 of 2nd period - Valtteri Filppula wins face-off versus Andrew Cogliano in RedWings zone.
6:12 of 2nd period - Shot by Cody Franson.
6:12 of 2nd period - Stopped by Thomas Greiss without a rebound.
6:13 of 2nd period - Joe Thornton wins face-off versus Nicklas Backstrom in RedWings zone.
6:19 of 2nd period - Icing by Max Pacioretty.
6:20 of 2nd period - Nicklas Backstrom wins face-off versus Andrew Cogliano in Predators zone.
6:20 of 2nd period - Nicklas Backstrom is hit by Ondrej Palat.
6:28 of 2nd period - Shot by Ondrej Palat.
6:28 of 2nd period - Shot Misses the Net.
7:01 of 2nd period - Patrik Berglund is hit by Eric Brewer and loses puck.
7:10 of 2nd period - Shot by Alexandre Burrows.
7:10 of 2nd period - Stopped by Anton Khudobin with a rebound.
7:12 of 2nd period - Shot by Tyler Toffoli.
7:12 of 2nd period - Stopped by Anton Khudobin without a rebound.
7:13 of 2nd period - Valtteri Filppula wins face-off versus Ondrej Palat in Predators zone.
7:26 of 2nd period - Shot by Ondrej Palat.
7:26 of 2nd period - Shot Misses the Net.
7:28 of 2nd period - Shot by Loui Eriksson.
7:28 of 2nd period - Stopped by Anton Khudobin without a rebound.
7:29 of 2nd period - Sam Gagner wins face-off versus Nicklas Backstrom in Predators zone.
7:46 of 2nd period - Shot by Jaden Schwartz.
7:46 of 2nd period - Shot Misses the Net.
7:51 of 2nd period - Off-side.
7:52 of 2nd period - Valtteri Filppula wins face-off versus Joe Thornton in neutral zone.
8:03 of 2nd period - Minor Penalty to Zach Bogosian for Hooking.
8:04 of 2nd period - Sam Gagner wins face-off versus Casey Cizikas in Predators zone.
8:05 of 2nd period - Shot by Loui Eriksson.
8:05 of 2nd period - Shot Misses the Net.
8:07 of 2nd period - Shot by Jake Gardiner.
8:07 of 2nd period - Shot Blocked by Jordie Benn.
8:09 of 2nd period - Shot by Loui Eriksson.
8:09 of 2nd period - Stopped by Anton Khudobin with a rebound.
8:11 of 2nd period - Shot by Sam Gagner.
8:11 of 2nd period - Stopped by Anton Khudobin with a rebound.
8:22 of 2nd period - Sam Gagner is hit by Jordie Benn and loses puck.
8:27 of 2nd period - Shot by Loui Eriksson.
8:27 of 2nd period - Stopped by Anton Khudobin without a rebound.
8:28 of 2nd period - Andrew Cogliano wins face-off versus Casey Cizikas in Predators zone.
9:03 of 2nd period - Shot by Joe Thornton.
9:03 of 2nd period - Shot Blocked by Roman Josi.
9:05 of 2nd period - Shot by Eric Gryba.
9:05 of 2nd period - Stopped by Anton Khudobin without a rebound.
9:06 of 2nd period - Sam Gagner wins face-off versus Artem Anisimov in Predators zone.
9:21 of 2nd period - Jordie Benn is hit by Ondrej Palat and loses puck.
10:21 of 2nd period - Alexandre Burrows is hit by Anton Stralman and loses puck.
10:29 of 2nd period - Shot by Tyler Toffoli.
10:29 of 2nd period - Goal by Tyler Toffoli - Predators : 0 - RedWings : 1.
10:30 of 2nd period - Derick Brassard wins face-off versus Erik Haula in neutral zone.
11:21 of 2nd period - Icing by Jake Gardiner.
11:22 of 2nd period - Valtteri Filppula wins face-off versus Erik Haula in RedWings zone.
11:22 of 2nd period - T.J. Oshie is hit by Eric Brewer and loses puck.
11:41 of 2nd period - Shot by Sean Bergenheim.
11:41 of 2nd period - Stopped by Anton Khudobin without a rebound.
11:42 of 2nd period - Nicklas Backstrom wins face-off versus Sam Gagner in Predators zone.
11:44 of 2nd period - Icing by Roman Josi.
11:45 of 2nd period - Nicklas Backstrom wins face-off versus Sam Gagner in Predators zone.
12:16 of 2nd period - Shot by Chris Summers.
12:16 of 2nd period - Stopped by Anton Khudobin without a rebound.
12:17 of 2nd period - Steven Stamkos wins face-off versus Joe Thornton in Predators zone.
12:26 of 2nd period - Shot by Loui Eriksson.
12:26 of 2nd period - Stopped by Anton Khudobin without a rebound.
12:27 of 2nd period - Valtteri Filppula wins face-off versus Joe Thornton in Predators zone.
13:35 of 2nd period - Shot by Sean Bergenheim.
13:35 of 2nd period - Stopped by Anton Khudobin without a rebound.
13:36 of 2nd period - Mark Arcobello wins face-off versus Derick Brassard in Predators zone.
13:37 of 2nd period - Shot by Jake Gardiner.
13:37 of 2nd period - Shot Blocked by Artem Anisimov.
14:02 of 2nd period - Shot by Jake Gardiner.
14:02 of 2nd period - Stopped by Anton Khudobin without a rebound.
14:03 of 2nd period - Sam Gagner wins face-off versus Max Pacioretty in Predators zone.
14:06 of 2nd period - Shot by Andrew Cogliano.
14:06 of 2nd period - Stopped by Anton Khudobin without a rebound.
14:07 of 2nd period - Nicklas Backstrom wins face-off versus Joe Thornton in Predators zone.
14:41 of 2nd period - Shot by Ondrej Palat.
14:41 of 2nd period - Goal by Ondrej Palat - Predators : 0 - RedWings : 2.
14:42 of 2nd period - Andrew Cogliano wins face-off versus Derick Brassard in neutral zone.
16:49 of 2nd period - T.J. Oshie is hit by Alexandre Burrows and loses puck.
16:56 of 2nd period - Eric Gryba is hit by Steven Stamkos and loses puck.
17:38 of 2nd period - Shot by Andrew Cogliano.
17:38 of 2nd period - Stopped by Anton Khudobin with a rebound.
17:40 of 2nd period - Shot by Andrew Cogliano.
17:40 of 2nd period - Shot Misses the Net.
17:42 of 2nd period - Shot by Sam Gagner.
17:42 of 2nd period - Shot Blocked by Roman Josi.
18:13 of 2nd period - Joe Thornton is hit by Anton Stralman and loses puck.
18:18 of 2nd period - Shot by Tuomo Ruutu.
18:18 of 2nd period - Stopped by Anton Khudobin without a rebound.
18:19 of 2nd period - Joe Thornton wins face-off versus Valtteri Filppula in Predators zone.
19:07 of 2nd period - Icing by Chris Summers.
19:08 of 2nd period - Joe Thornton wins face-off versus Derick Brassard in RedWings zone.
19:41 of 2nd period - Shot by Andrew Cogliano.
19:41 of 2nd period - Shot Misses the Net.
19:48 of 2nd period - Off-side.
19:49 of 2nd period - Nicklas Backstrom wins face-off versus Mark Arcobello in neutral zone.
19:54 of 2nd period - Tyler Toffoli is hit by Nicklas Backstrom and loses puck.
Goals for this period are 0 for Predators vs 2 for RedWings.
Shots for this period are 7 for Predators vs 18 for RedWings.

3rd period


0:01 of 3rd period - Joe Thornton wins face-off versus Nicklas Backstrom in neutral zone.
0:06 of 3rd period - Max Pacioretty is hit by Ondrej Palat and loses puck.
0:24 of 3rd period - Icing by Roman Josi.
0:25 of 3rd period - Sam Gagner wins face-off versus Nicklas Backstrom in Predators zone.
1:27 of 3rd period - Icing by Max Pacioretty.
1:28 of 3rd period - Joe Thornton wins face-off versus Nicklas Backstrom in Predators zone.
1:29 of 3rd period - Shot by Loui Eriksson.
1:29 of 3rd period - Stopped by Anton Khudobin without a rebound.
1:30 of 3rd period - Valtteri Filppula wins face-off versus Joe Thornton in Predators zone.
1:55 of 3rd period - Shot by Loui Eriksson.
1:55 of 3rd period - Stopped by Anton Khudobin without a rebound.
1:56 of 3rd period - Derick Brassard wins face-off versus Alexandre Burrows in Predators zone.
2:01 of 3rd period - Shot by Patrik Berglund.
2:01 of 3rd period - Stopped by Thomas Greiss with a rebound.
2:02 of 3rd period - Minor Penalty to Mark Fraser for Holding.
2:03 of 3rd period - Ondrej Palat wins face-off versus Valtteri Filppula in RedWings zone.
2:09 of 3rd period - Icing by Artem Anisimov.
2:10 of 3rd period - Valtteri Filppula wins face-off versus Andrew Cogliano in Predators zone.
2:31 of 3rd period - Shot by Valtteri Filppula.
2:31 of 3rd period - Shot Misses the Net.
2:33 of 3rd period - Shot by Jaden Schwartz.
2:33 of 3rd period - Goal by Jaden Schwartz - Predators : 1 - RedWings : 2.
2:34 of 3rd period - Mark Arcobello wins face-off versus Justin Abdelkader in neutral zone.
2:49 of 3rd period - Mark Fraser is hit by Justin Abdelkader and loses puck.
3:13 of 3rd period - Tyler Toffoli is hit by Nikita Zadorov and loses puck.
3:23 of 3rd period - Icing by Nikita Zadorov.
3:24 of 3rd period - Joe Thornton wins face-off versus Casey Cizikas in Predators zone.
3:24 of 3rd period - Joe Thornton is hit by Nikita Zadorov.
3:50 of 3rd period - Shot by Ondrej Palat.
3:50 of 3rd period - Shot Misses the Net.
4:01 of 3rd period - Icing by Zach Bogosian.
4:02 of 3rd period - Casey Cizikas wins face-off versus Sam Gagner in Predators zone.
4:25 of 3rd period - Shot by Sean Bergenheim.
4:25 of 3rd period - Stopped by Anton Khudobin without a rebound.
4:26 of 3rd period - Mark Arcobello wins face-off versus Valtteri Filppula in Predators zone.
4:29 of 3rd period - Shot by Tyler Toffoli.
4:29 of 3rd period - Shot Misses the Net.
5:00 of 3rd period - Minor Penalty to Anton Stralman for Hooking.
5:01 of 3rd period - Sam Gagner wins face-off versus Derick Brassard in Predators zone.
5:10 of 3rd period - Shot by Jake Gardiner.
5:10 of 3rd period - Goal by Jake Gardiner - Predators : 1 - RedWings : 3.
5:11 of 3rd period - Nicklas Backstrom wins face-off versus Ondrej Palat in neutral zone.
5:20 of 3rd period - Shot by Jaden Schwartz.
5:20 of 3rd period - Stopped by Thomas Greiss without a rebound.
5:21 of 3rd period - Nicklas Backstrom wins face-off versus Sam Gagner in RedWings zone.
5:24 of 3rd period - Shot by Jaden Schwartz.
5:24 of 3rd period - Stopped by Thomas Greiss with a rebound.
5:26 of 3rd period - Shot by Max Pacioretty.
5:26 of 3rd period - Shot Misses the Net.
5:28 of 3rd period - Shot by Jaden Schwartz.
5:28 of 3rd period - Shot Misses the Net.
5:34 of 3rd period - Shot by Roman Josi.
5:34 of 3rd period - Stopped by Thomas Greiss without a rebound.
5:35 of 3rd period - Valtteri Filppula wins face-off versus Ondrej Palat in RedWings zone.
5:35 of 3rd period - T.J. Oshie is hit by Eric Brewer and loses puck.
5:48 of 3rd period - Shot by T.J. Oshie.
5:48 of 3rd period - Stopped by Thomas Greiss without a rebound.
5:49 of 3rd period - Derick Brassard wins face-off versus Sam Gagner in RedWings zone.
6:29 of 3rd period - Andrew Cogliano is hit by Anton Stralman and loses puck.
6:33 of 3rd period - Icing by Roman Josi.
6:34 of 3rd period - Ondrej Palat wins face-off versus Derick Brassard in Predators zone.
6:48 of 3rd period - Minor Penalty to Ondrej Palat for Roughing.
6:49 of 3rd period - Nicklas Backstrom wins face-off versus Andrew Cogliano in RedWings zone.
7:54 of 3rd period - Shot by Valtteri Filppula.
7:54 of 3rd period - Shot Misses the Net.
7:56 of 3rd period - Shot by Valtteri Filppula.
7:56 of 3rd period - Stopped by Thomas Greiss without a rebound.
7:57 of 3rd period - Valtteri Filppula wins face-off versus Andrew Cogliano in RedWings zone.
9:00 of 3rd period - Shot by Mark Arcobello.
9:00 of 3rd period - Stopped by Anton Khudobin without a rebound.
9:01 of 3rd period - Casey Cizikas wins face-off versus Mark Arcobello in Predators zone.
9:50 of 3rd period - Shot by Jaden Schwartz.
9:50 of 3rd period - Shot Misses the Net.
9:52 of 3rd period - Shot by Max Pacioretty.
9:52 of 3rd period - Deflect By Jaden Schwartz.
9:52 of 3rd period - Shot Blocked by Tyler Toffoli.
9:54 of 3rd period - Shot by Max Pacioretty.
9:54 of 3rd period - Stopped by Thomas Greiss without a rebound.
9:55 of 3rd period - Valtteri Filppula wins face-off versus Joe Thornton in RedWings zone.
10:30 of 3rd period - Shot by T.J. Oshie.
10:30 of 3rd period - Stopped by Thomas Greiss without a rebound.
10:31 of 3rd period - Nicklas Backstrom wins face-off versus Sam Gagner in RedWings zone.
10:38 of 3rd period - Shot by Max Pacioretty.
10:38 of 3rd period - Shot Misses the Net.
10:47 of 3rd period - Eric Gryba is hit by Anton Stralman and loses puck.
10:53 of 3rd period - Minor Penalty to Sean Bergenheim for Roughing.
10:53 of 3rd period - Minor Penalty to Anton Stralman for Tripping.
10:54 of 3rd period - Steven Stamkos wins face-off versus Ondrej Palat in Predators zone.
10:59 of 3rd period - Shot by Steven Stamkos.
10:59 of 3rd period - Shot Blocked by Eric Brewer.
11:01 of 3rd period - Shot by Steven Stamkos.
11:01 of 3rd period - Shot Blocked by Eric Brewer.
11:03 of 3rd period - Shot by Cody Franson.
11:03 of 3rd period - Stopped by Thomas Greiss without a rebound.
11:04 of 3rd period - Steven Stamkos wins face-off versus Ondrej Palat in RedWings zone.
11:07 of 3rd period - Shot by Steven Stamkos.
11:07 of 3rd period - Shot Misses the Net.
11:40 of 3rd period - Shot by Ondrej Palat.
11:40 of 3rd period - Stopped by Anton Khudobin without a rebound.
11:41 of 3rd period - Steven Stamkos wins face-off versus Ondrej Palat in Predators zone.
12:20 of 3rd period - Icing by Cody Franson.
12:21 of 3rd period - Joe Thornton wins face-off versus Steven Stamkos in Predators zone.
12:49 of 3rd period - Shot by Nikita Zadorov.
12:49 of 3rd period - Stopped by Thomas Greiss without a rebound.
12:50 of 3rd period - Derick Brassard wins face-off versus Ondrej Palat in RedWings zone.
13:11 of 3rd period - Shot by Andrew Cogliano.
13:11 of 3rd period - Shot Blocked by Zbynek Michalek.
13:23 of 3rd period - Shot by Sean Bergenheim.
13:23 of 3rd period - Stopped by Anton Khudobin without a rebound.
13:24 of 3rd period - Derick Brassard wins face-off versus Joe Thornton in Predators zone.
13:54 of 3rd period - Shot by Artem Anisimov.
13:54 of 3rd period - Stopped by Thomas Greiss without a rebound.
13:55 of 3rd period - Sam Gagner wins face-off versus Valtteri Filppula in RedWings zone.
13:55 of 3rd period - Sam Gagner is hit by Steven Stamkos.
14:00 of 3rd period - Minor Penalty to T.J. Oshie for Hooking.
14:01 of 3rd period - Casey Cizikas wins face-off versus Joe Thornton in Predators zone.
14:01 of 3rd period - Casey Cizikas is hit by Sean Bergenheim.
14:17 of 3rd period - Shot by Jake Gardiner.
14:17 of 3rd period - Shot Blocked by Zach Bogosian.
14:32 of 3rd period - Icing by Andrew Cogliano.
14:33 of 3rd period - Casey Cizikas wins face-off versus Andrew Cogliano in RedWings zone.
14:34 of 3rd period - Shot by Valtteri Filppula.
14:34 of 3rd period - Shot Misses the Net.
14:37 of 3rd period - Icing by Chris Summers.
14:38 of 3rd period - Casey Cizikas wins face-off versus Sean Bergenheim in RedWings zone.
15:01 of 3rd period - Shot by Joe Thornton.
15:01 of 3rd period - Deflect By Andrew Cogliano.
15:01 of 3rd period - Stopped by Anton Khudobin with a rebound.
16:29 of 3rd period - Shot by Tyler Toffoli.
16:29 of 3rd period - Stopped by Anton Khudobin with a rebound.
16:31 of 3rd period - Shot by Kevin Connauton.
16:31 of 3rd period - Shot Misses the Net.
16:33 of 3rd period - Shot by Tyler Toffoli.
16:33 of 3rd period - Shot Misses the Net.
16:35 of 3rd period - Shot by Alexandre Burrows.
16:35 of 3rd period - Stopped by Anton Khudobin without a rebound.
16:36 of 3rd period - Erik Haula wins face-off versus Derick Brassard in Predators zone.
16:41 of 3rd period - Shot by Eric Brewer.
16:41 of 3rd period - Shot Blocked by Artem Anisimov.
17:17 of 3rd period - Shot by Patrik Berglund.
17:17 of 3rd period - Stopped by Thomas Greiss without a rebound.
17:18 of 3rd period - Sam Gagner wins face-off versus Nicklas Backstrom in RedWings zone.
17:18 of 3rd period - Sam Gagner is hit by Nicklas Backstrom.
17:34 of 3rd period - Shot by Sam Gagner.
17:34 of 3rd period - Stopped by Anton Khudobin with a rebound.
18:37 of 3rd period - Shot by Tyler Toffoli.
18:37 of 3rd period - Shot Blocked by Zbynek Michalek.
19:15 of 3rd period - Shot by Ondrej Palat.
19:15 of 3rd period - Goal by Ondrej Palat - Predators : 1 - RedWings : 4.
19:16 of 3rd period - Sam Gagner wins face-off versus Derick Brassard in neutral zone.
19:29 of 3rd period - Shot by Sam Gagner.
19:29 of 3rd period - Shot Misses the Net.
19:35 of 3rd period - Shot by Sam Gagner.
19:35 of 3rd period - Shot Misses the Net.
19:44 of 3rd period - Shot by Andrew Cogliano.
19:44 of 3rd period - Shot Misses the Net.
19:46 of 3rd period - Shot by Eric Gryba.
19:46 of 3rd period - Shot Misses the Net.
19:48 of 3rd period - Shot by Sam Gagner.
19:48 of 3rd period - Shot Blocked by Nikita Zadorov.
Goals for this period are 1 for Predators vs 2 for RedWings.
Shots for this period are 13 for Predators vs 12 for RedWings.


Output by the SimonT Hockey Simulator (STHS) for Stephane Roy -- Original Page W3C XHTML 1.0 Valid
Hockey Simulator - Hockey Simulation - Hockey Manager